cohdb
Replays
Latest Replays
All Replays
Popular Replays
Top Player Replays
Match Explorer
How It Works
Community
CoH3 Stats
Reddit
Sign in to upload your games and track your stats! →
Sign in with Steam
Match 41061428
Unlisted
Match 41061428
Overview
Messages
Build Orders
End
Construct Infanterie Kompanie
Kettenkrad Recon Vehicle
MG 42 Machine Gun Team
Grenadier Squad
Grenadier Squad
Selects Terror Battlegroup
Selects Machine Gun Camouflage
Construct Luftwaffe Kompanie
Selects Contempt for the Weak
Jäger Squad
Jäger Squad
Support Elements
Selects Propaganda Leaflet Drop
Wirbelwind Flakpanzer
Medical Station
Pioneer Squad
Marder III M Tank Destroyer
Marder III M Tank Destroyer
Selects V1 Rocket Strike
Wirbelwind Flakpanzer
V1 Rocket Strike
MG 42 Machine Gun Team
jerjawe
G'kar
0
0
Comments
sign in to comment!
No comments posted yet!